 Dungeon Crawl Stone Soup version 0.28-a0-987-g8383568036 (webtiles) character file.

Game seed: 762272292509061069

0 Gargoyl the Skirmisher (level 1, -4/23 HPs)
             Began as a Gnoll Abyssal Knight on Dec 4, 2021.
             Was a Follower of Lugonu.
             Slain by a large abomination (24 damage)
             ... on level 2 of the Abyss.
             The game lasted 00:00:19 (147 turns).

Gargoyl the Skirmisher (Gnoll Abyssal Knight)        Turns: 147, Time: 00:00:20

Health: -4/23      AC:  3    Str: 12      XL:     1   Next: 0%
Magic:  3/3        EV: 11    Int:  9      God:    Lugonu [*.....]
Gold:   6          SH:  0    Dex: 11 (12) Spells: 0/0 levels left

rFire   . . .      SeeInvis .   a - +1 hand axe
rCold   . . .      Faith    .   (no shield)
rNeg    . . .      Spirit   .   b - +0 leather armour
rPois   .          Reflect  .   (no helmet)
rElec   .          Harm     .   (no cloak)
rCorr   .          Rampage  .   (no gloves)
Will    .....                   (no boots)
Stlth   +.........              (no amulet)
HPRegen 0.07/turn               (no ring)
MPRegen 0.08/turn               (no ring)

@: silenced, very slow
A: fangs 1, strong nose, distributed training
a: Renounce Religion


You were on level 2 of the Abyss.
You worshipped Lugonu.
Lugonu was aware of your devotion.
You visited 0 branches of the dungeon, and saw 0 of its levels.
You visited the Abyss 1 time.

You collected 6 gold pieces.

Inventory:

Hand Weapons
 a - a +1 hand axe (weapon)
Armour
 b - a +0 leather armour (worn)
Scrolls
 c - a scroll of blinking {unknown}


   Skills:
 + Level 6.4 Fighting
 + Level 0.0 Short Blades
 + Level 0.0 Long Blades
 + Level 4.4 Axes
 + Level 0.0 Maces & Flails
 + Level 0.0 Polearms
 + Level 0.0 Staves
 + Level 0.0 Slings
 + Level 0.0 Bows
 + Level 0.0 Crossbows
 + Level 0.0 Throwing
 + Level 4.4 Armour
 + Level 2.3 Dodging
 + Level 0.0 Stealth
 + Level 0.0 Shields
 + Level 0.0 Unarmed Combat
 + Level 0.0 Spellcasting
 + Level 0.0 Conjurations
 + Level 0.0 Hexes
 + Level 0.0 Summonings
 + Level 0.0 Necromancy
 + Level 0.0 Translocations
 + Level 0.0 Transmutations
 + Level 0.0 Fire Magic
 + Level 0.0 Ice Magic
 + Level 0.0 Air Magic
 + Level 0.0 Earth Magic
 + Level 0.0 Poison Magic
 + Level 4.4 Invocations
 + Level 0.0 Evocations


You couldn't memorise any spells.
You didn't know any spells.
Your spell library was empty.

Dungeon Overview and Level Annotations

Branches:
Dungeon (0/15)

Altars:


Innate Abilities, Weirdness & Mutations

You have very sharp teeth.
Your uncanny sense of smell can sniff out nearby items.
Your experience applies equally to all skills.


Message History

Welcome, Gargoyl the Gnoll Abyssal Knight.
The fabled Orb of Zot lies far below, as if waiting for you to find it.
Lugonu says: Depart the Abyss and spread corruption, my servant! (use the ability menu to exit the Abyss) Press ? for a list of commands and other information.
Found a corrupted altar of Lugonu.
Found a gateway leading deeper into the Abyss.
There is a gateway leading deeper into the Abyss here.
A tentacled starspawn comes into view.
A tentacle flies out from the starspawn's body!
A starspawn tentacle comes into view.
A tentacle flies out from the starspawn's body!
A starspawn tentacle comes into view.
There is a gateway leading deeper into the Abyss here.
You plunge deeper into the Abyss.
Found 25 stones and 30 arrows.
Found a corrupted altar of Lugonu.
c - a scroll labelled AMUOLI SEANTIU You enter the shallow water.
Moving in this stuff is going to be slow.
You see here 25 stones.
A silent spectre comes into view.
You see here a book of Decay.
You enter the shallow water.
Moving in this stuff is going to be slow.
Found 6 gold pieces.
You now have 6 gold pieces.
A large abomination comes into view.
Found 27 gold pieces.
A quasit comes into view.
The quasit bites you.
You feel clumsy. The quasit closely misses you.
The quasit claws you but does no damage.
You enter the shallow water.
Moving in this stuff is going to be slow.
The large abomination hits you!!
Ouch! That really hurt!
You die...

. ..#..##≈≈≈≈#≈≈
.# . .. ..
#..≈≈≈≈≈≈≈≈ .#..
.#..#.#≈≈≈≈≈#≈≈ #
. #.## #≈≈.≈≈≈≈≈
.. ##.W##≈≈≈≈.≈≈≈
###..#.≈≈≈≈.≈≈≈
#..####≈≈≈≈≈≈#≈
#.#..$5X≈≈≈.≈.≈≈
.5.#...##@≈≈≈≈≈≈≈
####.##.##≈≈≈≈.≈.≈
#.. #.##≈≈≈≈≈≈≈≈
#.. ##..≈≈≈≈≈≈≈≈
..# .#≈≈≈≈≈≈≈≈ ..#
.#≈≈#≈≈≈≈. ..
..≈≈.≈≈≈≈≈
..≈≈≈≈≈≈≈≈ ##≈


You could see a large abomination and a quasit.

Vanquished Creatures (others)
  4 starspawn tentacles (Abyss:1)
4 creatures vanquished.

Notes
Turn   | Place    | Note
-------+----------+-------------------------------------------
     0 | Abyss:1  | Gargoyl the Gnoll Abyssal Knight began the quest for the
                  | Orb.
     0 | Abyss:1  | Reached XP level 1. HP: 23/23 MP: 3/3
    41 | Abyss:1  | Noticed a tentacled starspawn
    61 | Abyss:2  | Found a corrupted altar of Lugonu.
   127 | Abyss:2  | Noticed a silent spectre
   139 | Abyss:2  | Noticed a large abomination
   139 | Abyss:2  | Noticed a quasit
   147 | Abyss:2  | Slain by a large abomination

Illustrated notes

Levels and vault maps discovered:
Abyss:2:  base: Temple, lemuel_flamethrower_3

Action                   || total
-------------------------++-------
Armor: Leather armour    ||     1
Dodge: Dodged            ||     1

Table legend: (Time is in decaauts)
 A = Elapsed time spent in this place.
 B = Non-inter-level travel time spent in this place.
 C = Inter-level travel time spent in this place.
 D = Time resting spent in this place.
 E = Time spent auto-exploring this place.
 F = Levels seen in this place.
 G = Mean time per level.
                   A        B        C        D        E       F      G
               +--------+--------+--------+--------+--------+-----+--------+
         Total |    147 |    147 |      0 |      0 |    105 |   2 |   73.5 |
         Abyss |    147 |    147 |      0 |      0 |    105 |   2 |   73.5 |
               +--------+--------+--------+--------+--------+-----+--------+

Top non-repeatable levels by time:
 Abyss:2: 86 daAuts
 Abyss:1: 61 daAuts
